 Dungeon Crawl Stone Soup version 0.22-a0-402-ga933591 (webtiles) character file.

851056 4thArraOfDagon the Messiah (level 27, -9/339 HPs)
             Began as a Hill Orc Enchanter on May 4, 2018.
             Was the Champion of Beogh.
             Killed from afar by Anon1729's ghost (50 damage)
             ... with a great blast of fire
             ... on level 27 of a ziggurat on May 6, 2018.
             The game lasted 05:45:01 (53346 turns).

4thArraOfDagon the Messiah (Hill Orc Enchanter)    Turns: 53346, Time: 05:45:01

Health: -9/339     AC: 28    Str: 19    XL:     27
Magic:  29/54      EV: 17    Int: 29    God:    Beogh [******]
Gold:   1561       SH:  0    Dex:  8    Spells: 8/62 levels left

rFire    + + .     SeeInvis .   a - +9 executioner's axe (elec)
rCold    + + +     Gourm    .   (shield currently unavailable)
rNeg     + + +     Faith    .   (armour currently unavailable)
rPois    ∞         Spirit   .   r - -2 hat of the Alchemist {rElec rPois rF+ rC+ rN+ MR+ rMut rCorr}
rElec    +         Reflect  .   H - scarf {repulsion}
rCorr    +         Harm     .   (gloves currently unavailable)
rMut     +                      (boots currently unavailable)
MR       +++..                  R - amulet "Femnasiawn" {rF+ rN+ Regen+ Slay+5}
Stlth    ++........             l - ring "Luusm" {rCorr rC+ MP+9 Str+4 Dex-3}
HPRegen  1.06/turn              f - ring "Kied" {Wiz Slay+3}
MPRegen  0.34/turn

@: brilliant, statue-form, slightly contaminated, slowed, repel missiles, very
slow
A: walk on water, horns 1, cold resistance 1
}: 5/15 runes: decaying, serpentine, slimy, silver, golden
a: End Transformation, Smiting, Recall Orcish Followers, Give Item to Named
Follower, Resurrection, Renounce Religion


You were on level 27 of a ziggurat.
You worshipped Beogh.
Beogh was exalted by your worship.
You were not hungry.
You were a stone statue.
You visited 12 branches of the dungeon, and saw 56 of its levels.
You visited the Abyss 2 times.
You visited 1 bazaar.
You visited 1 ziggurat, and saw 27 of its levels.
You also visited: Bailey and Volcano.

You collected 7369 gold pieces.
You spent 5808 gold pieces at shops.

Inventory:

Hand Weapons
 a - a +9 executioner's axe of electrocution (weapon)
 v - the +8 Wrath of Trog {antimagic, *Rage}
   (You took it off a deep elf demonologist on level 3 of the Elven Halls)

   It reduces the magical energy of the wielder, and disrupts the spells and
   magical abilities of those hit.
   Natural abilities and divine invocations are not affected.
   It may make you go berserk in combat.
 B - the +8 mithril axe "Arga" {speed, MR+}
   (You found it on level 26 of a ziggurat)

   Attacks with this weapon are significantly faster.
   It affects your resistance to hostile enchantments.
Missiles
 A - a throwing net (quivered)
Armour
 r - the -2 hat of the Alchemist (worn) {rElec rPois rF+ rC+ rN+ MR+ rMut rCorr}
   (You found it on level 3 of the Elven Halls)

   It protects you from fire.
   It protects you from cold.
   It insulates you from electricity.
   It protects you from poison.
   It protects you from negative energy.
   It affects your resistance to hostile enchantments.
   It protects you from acid and corrosion.
   It protects you from mutation.
 E - a +4 troll leather armour (melded)
 H - a scarf of repulsion (worn)
 L - the +1 pair of gloves of the Earth (melded) {rN++ Dex+6}
   (You bought it in a shop in a bazaar)

   It affects your dexterity (+6).
   It greatly protects you from negative energy.
 M - a +2 pair of boots of running (melded)
Magical Staves
 b - an uncursed staff of energy {!a}
 U - an uncursed staff of power {!a}
Jewellery
 f - the ring "Kied" (right hand) {Wiz Slay+3}
   (You found it on level 4 of the Depths)

   [ring of wizardry]

   It improves your spell success rate.
   It affects your accuracy and damage with ranged weapons and melee attacks
   (+3).
 l - the ring "Luusm" (left hand) {rCorr rC+ MP+9 Str+4 Dex-3}
   (You took it off a deep elf mage on level 3 of the Elven Halls)

   [ring of resist corrosion]

   It affects your strength (+4).
   It affects your dexterity (-3).
   It protects you from cold.
   It affects your magic capacity (+9).
 q - the ring of Reepocr Piwa {*Contam +Fly rN+++ MP+9 Slay-4}
   (You found it on level 25 of a ziggurat)

   [ring of magical power]

   It affects your accuracy and damage with ranged weapons and melee attacks
   (-4).
   It renders you almost immune to negative energy.
   It affects your magic capacity (+9).
   It lets you fly.
   It causes magical contamination when unequipped.
 t - an uncursed ring of see invisible
 J - the ring "Haomiym" {Ice Int+6 Slay+2}
   (You found it on level 6 of the Lair of Beasts)

   [ring of ice]

   It enhances your ice magic.
   It affects your intelligence (+6).
   It affects your accuracy and damage with ranged weapons and melee attacks
   (+2).
   It makes you vulnerable to fire.
   It protects you from cold.
 R - the amulet "Femnasiawn" (around neck) {rF+ rN+ Regen+ Slay+5}
   (You found it on level 17 of a ziggurat)

   [amulet of regeneration]

   It affects your accuracy and damage with ranged weapons and melee attacks
   (+5).
   It protects you from fire.
   It protects you from negative energy.
   It increases your rate of regeneration.
 Y - an uncursed ring of protection from fire
Wands
 y - a wand of acid (57)
 z - a wand of iceblast (45)
 Q - a wand of digging (16)
 V - a wand of scattershot (14)
Scrolls
 n - 20 scrolls of teleportation
 p - 7 scrolls of immolation
 u - 6 scrolls of amnesia
 x - 11 scrolls of fear
 N - 36 scrolls of remove curse
 O - a scroll of magic mapping
 P - 10 scrolls of holy word
 S - a scroll of identify
 T - 20 scrolls of fog
 X - a scroll of blinking
Potions
 c - 6 potions of resistance
 g - 12 potions of mutation
 h - 14 potions of heal wounds
 i - 2 potions of ambrosia
 k - 7 potions of flight
 m - 16 potions of brilliance
 o - 10 potions of curing
 s - 3 potions of agility
 C - 10 potions of might
 D - 2 potions of haste
 G - 2 potions of invisibility
 W - a potion of magic
 Z - 5 potions of cancellation
Miscellaneous
 e - a figurine of a ziggurat
 j - 9 phantom mirrors
 w - a lamp of fire
 F - 10 boxes of beasts
 I - 8 sacks of spiders
 K - a lightning rod (4/4)
Comestibles
 d - 65 rations


   Skills:
 + Level 24.0 Fighting
   Level 3.0 Short Blades
 - Level 26.0 Axes
 - Level 2.0 Armour
 - Level 12.4 Dodging
 - Level 2.4 Stealth
 - Level 18.0 Spellcasting
 - Level 12.5 Conjurations
   Level 3.0 Hexes
 - Level 6.7 Necromancy
 - Level 17.5 Translocations
 - Level 8.1 Transmutations
 - Level 20.6 Fire Magic
 - Level 17.8 Earth Magic
 O Level 27 Invocations
 - Level 15.0 Evocations


You had 8 spell levels left.
You knew the following spells:

 Your Spells              Type           Power        Failure   Level  Hunger
a - Passage of Golubria   Tloc           N/A          0%          4    None
b - Necromutation         Tmut/Necr      ######....   43%         8    ######.
d - Apportation           Tloc           ######       0%          1    None
f - Statue Form           Tmut/Erth      #######..    1%          6    ##.....
g - Lee's Rapid Deconstr  Erth           #######...   1%          5    None
h - Ignition              Fire           ########..   1%          8    ######.
i - Sublimation of Blood  Necr           ######....   1%          2    None
j - Regeneration          Chrm/Necr      ######....   1%          3    None
k - Fire Storm            Conj/Fire      #######...   19%         9    #######
l - Controlled Blink      Tloc           N/A          1%          8    ######.


Dungeon Overview and Level Annotations

Branches:
Dungeon (15/15)            Temple (1/1) D:4            Lair (6/6) D:10
  Swamp (4/4) Lair:2        Snake (4/4) Lair:3        Slime (5/5) Lair:5
    Orc (2/2) D:12            Elf (3/3) Orc:2        Vaults (5/5) D:14
  Crypt (3/3) Vaults:3       Tomb (3/3) Crypt:3      Depths (5/5) D:15
    Zot (0/5) Depths:5

Altars:
Ashenzari
Cheibriados
Dithmenos
Elyvilon
Fedhas
Gozag
Hepliaklqana
Kikubaaqudgha
Makhleb
Nemelex Xobeh
Okawaru
Qazlal
Ru
Sif Muna
Trog
Uskayaw
Vehumet
Wu Jian
Xom
Yredelemnul
Zin
The Shining One
Beogh
Jiyva

Shops:
D:6 *   D:8 !:!*   D:12 *   Orc:2 :*=%?   Elf:1 =*:**   Elf:2 %   Vaults:1 }
Vaults:2 ?

Portals:
Hell: Depths:1 Depths:2 Depths:3 Depths:5
Abyss: Depths:5
Pandemonium: Depths:1 Depths:3 Depths:5
Trove: Vaults:3 (give 14 potions of curing)

Annotations:
D:4 TheNamelessOne's ghost, amateur DsFE
Slime:5 Royal Jelly
Zig:27 Anon1729's ghost, legendary DrCj


Innate Abilities, Weirdness & Mutations

You can walk on water.
You have a pair of small horns on your head.
((You are partially covered in yellow scales. (AC +2)))
Your flesh is cold resistant. (rC+)
((You are covered in fur. (AC +1)))


Message History

The death scarab bites you!
* * * LOW HITPOINT WARNING * * *
The death scarab drains your vigour!
You feel as though you will be slow longer.
The death scarab bites you but does no damage.
The flying skull hits you but does no damage.
Unknown command.
You feel much better.
Your surroundings suddenly seem different.
Anon1729's ghost turns its malevolent gaze towards you.
The death scarab bites you!
* * * LOW HITPOINT WARNING * * *
The death scarab drains your vigour!
You feel as though you will be slow longer.
The death scarab bites you but does no damage. x2
The death scarab misses you. The death scarab barely misses you.
Anon1729's ghost gestures at you while chanting.
A raging storm of fire appears!
The great blast of fire engulfs you! You partially resist.
You die...

▓▓▓▓...........
▓..............
...............
...............
.........s.....
...............
.........W.....
.......8.......
..##...s.......
▓.......... ##..........
▓........W. #..........
........... ........M..
........... .....s...M..
....................8...
......................M.
...........


You could see a mummy priest, a guardian mummy, an ushabti, 3 death scarabs, a
mummy and Anon1729's ghost.

Vanquished Creatures
  the Royal Jelly (Slime:5)
  6 ancient liches
  An orb of fire (Zig:3)
  Mara (Depths:3)
  A juggernaut (Zig:9)
  A pandemonium lord (Zig:1)
  21 greater mummies
  Bai Suzhen (Crypt:3)
  Vashnia (Snake:4)
  8 golden dragons
  2 profane servitors (Zig:23)
  Jory (Vaults:3)
  Nikola (Swamp:2)
  5 bone dragons
  12 tentacled monstrosities
  10 liches
  5 deep elf blademasters
  2 quicksilver dragons (Vaults:5)
  Asterion (Vaults:3)
  73 acid blobs
  6 deep elf master archers
  5 titans (Vaults:5)
  An acid blob (shapeshifter) (Depths:3)
  2 tentacled starspawn (Abyss:2)
  Frances (Swamp:2)
  10 sphinxes
  Kirke (Snake:4)
  3 shadow dragons
  7 thorn hunters
  4 tengu reavers
  3 storm dragons
  5 draconian monks
  13 ancient champions
  10 fire giants
  22 nagarajas
  An emperor scorpion (shapeshifter) (Zig:9)
  3 revenants
  A deep elf sorcerer (Vaults:5)
  31 azure jellies
  2 iron dragons (shapeshifter) (Depths:3)
  7 draconian knights
  3 iron dragons
  An orc warlord (Orc:1)
  Aizul (Swamp:2)
  6 draconian scorchers
  11 ghost moths
  13 vault wardens
  8 frost giants
  2 caustic shrike zombies (Zig:27)
  12 ghouls
  6 emperor scorpions
  3 draconian shifters
  A balrug (Depths:1)
  3 draconian stormcallers
  A caustic shrike skeleton (Zig:27)
  5 draconian annihilators
  A curse skull (Crypt:1)
  6 spriggan defenders
  12 ironheart preservers
  The ghost of PegasusDuck the Eclecticist, a journeyman DEAE of Vehumet (Snake:1)
  3 deep elf elementalists
  A juggernaut zombie (Zig:21)
  18 very ugly things
  8 war gargoyles
  16 stone giants
  18 vampire knights
  17 bennus
  8 entropy weavers
  2 green draconians (Zig:18)
  18 deep elf annihilators
  2 red draconians (Zig:18)
  2 black draconians
  A juggernaut skeleton (Zig:21)
  11 deep elf demonologists
  6 yellow draconians
  2 purple draconians (Zig:18)
  5 white draconians
  2 lorocyprocas (Depths:3)
  7 eidola
  9 spark wasps
  5 crystal guardians
  2 blizzard demons (Zig:7)
  2 merfolk javelineers
  15 green deaths (Zig:26)
  20 ettins
  5 deep elf death magi
  31 mummy priests
  9 fire dragons
  13 ogre magi
  11 death oozes
  26 great orbs of eyes
  3 merfolk impalers (Zig:17)
  9 deep elf high priests
  6 rakshasas
  4 jiangshi
  A great orb of eyes (shapeshifter) (Vaults:5)
  14 yaktaur captains
  25 vault guards
  19 naga warriors
  10 ice dragons
  A quicksilver dragon skeleton (Zig:21)
  34 hydras
  3 merfolk avatars
  5 spriggan air magi
  A juggernaut simulacrum (Depths:3)
  3 ghost crabs
  10 centaur warriors
  7 merfolk aquamancers
  30 death scarabs
  26 dancing weapons
  A satyr (shapeshifter) (Depths:4)
  9 anacondas
  10 deep troll earth magi
  A satyr (Zig:4)
  An alligator (shapeshifter) (Zig:13)
  3 alligator snapping turtles
  7 deep troll shamans
  19 alligators
  37 two-headed ogres
  6 death knights
  A hell hog (Volcano)
  4 tengu warriors
  13 vampire magi
  4 titan zombies
  26 naga sharpshooters
  9 shock serpents
  9 large abominations
  A spriggan berserker (Depths:2)
  3 wretched stars
  3 orc high priests
  5 thrashing horrors (Abyss:2)
  2 sun demons (Depths:1)
  14 deep elf knights
  8 small abominations
  4 soul eaters
  2 storm dragon zombies
  13 hell knights
  A fire crab (Zig:3)
  5 salamander mystics (Snake:4)
  2 shadow wraiths
  39 skeletal warriors
  2 titan skeletons
  2 spatial maelstroms
  4 storm dragon skeletons
  4 glowing orange brains
  A spark wasp zombie (Crypt:2)
  7 flayed ghosts
  3 iron trolls (Depths:5)
  An anaconda zombie (Crypt:3)
  16 death drakes (Zig:26)
  17 deep elf archers
  10 sea snakes (Zig:17)
  20 deep trolls
  16 naga ritualists
  An unseen horror (D:15)
  22 starcursed masses
  A shadow demon (Abyss:2)
  An unseen horror (shapeshifter) (Depths:4)
  5 spriggan druids
  22 swamp dragons
  2 golden dragon zombies (Crypt:3)
  2 glowing orange brains (shapeshifter)
  4 wizards
  A shadow dragon zombie (Crypt:3)
  3 shambling mangroves (Zig:26)
  A swamp dragon (shapeshifter) (Depths:4)
  2 anaconda skeletons (Crypt:3)
  23 ironbrand convokers
  An orange crystal statue (Depths:4)
  12 necromancers
  An obsidian statue (Zig:11)
  50 deep elf magi
  3 fire giant zombies
  6 harpies
  13 phantasmal warriors
  10 orc knights
  A harpy (shapeshifter) (Depths:4)
  8 orb spiders
  3 lindwurms (Swamp:4)
  3 fauns (Zig:4)
  4 tengu skeletons (Vaults:3)
  A mana viper (shapeshifter) (Depths:4)
  11 mana vipers
  2 frost giant zombies
  29 ugly things
  A shadow dragon skeleton (Crypt:3)
  5 cyclopes
  A manticore (Zig:17)
  2 shining eyes (shapeshifter)
  9 orc sorcerers
  15 salamanders
  An iron dragon skeleton (Tomb:1)
  4 oklob plants (Zig:12)
  11 wolf spiders
  14 shining eyes
  3 fire giant skeletons
  A worldbinder (Abyss:2)
  A moth of wrath (Zig:16)
  3 spriggan zombies
  4 elephants (Lair:3)
  A moth of wrath (shapeshifter) (Zig:13)
  An eye of devastation (shapeshifter) (Depths:3)
  8 guardian serpents
  15 vault sentinels
  A frost giant skeleton (Tomb:1)
  4 smoke demons
  A dire elephant zombie (Crypt:1)
  A black mamba (shapeshifter) (Zig:20)
  A merfolk siren (Zig:17)
  12 eyes of devastation
  A molten gargoyle (Depths:4)
  5 water nymphs
  38 black mambas
  5 spectral swamp worms (Depths:5)
  A spriggan skeleton (Zig:21)
  A centaur skeleton (D:15)
  21 naga magi
  11 spiny frogs
  4 komodo dragons
  A rime drake (shapeshifter) (Vaults:5)
  A minotaur zombie (Crypt:1)
  7 freezing wraiths
  An elf zombie (Zig:7)
  37 yaktaurs
  4 rime drakes
  A tormentor (Zig:7)
  A komodo dragon (shapeshifter) (Depths:4)
  2 hellions
  2 ancient zymes (Abyss:2)
  An ice devil (Zig:7)
  64 guardian mummies
  8 demonic crawlers
  2 elf skeletons
  2 hellwings
  A red devil (Depths:4)
  2 efreet
  2 yaktaur skeletons (Vaults:3)
  6 jumping spiders
  11 trolls
  3 meliai (D:13)
  9 merfolk (Zig:17)
  2 tengu conjurers (Depths:4)
  2 meliai (shapeshifter)
  4 polar bears (Lair:6)
  8 tyrant leeches
  29 hornets
  3 snapping turtles (Zig:17)
  A queen bee (shapeshifter) (Depths:1)
  A hydra skeleton (Tomb:2)
  14 raiju
  3 hippogriffs
  173 slime creatures
  An ettin zombie (Crypt:1)
  A wind drake (Zig:17)
  2 blink frogs (shapeshifter)
  15 blink frogs
  9 bog bodies
  7 dream sheep
  A stone giant simulacrum (Crypt:2)
  A redback (shapeshifter) (Vaults:5)
  A deep troll zombie (D:15)
  A black mamba zombie (Tomb:2)
  2 fire dragon zombies
  58 flying skulls
  2 ettin skeletons
  4 shadows
  14 redbacks
  17 spriggans
  3 spriggans (shapeshifter)
  3 air elementals
  3 ice dragon skeletons
  7 tarantellas
  A wyvern (D:15)
  A tarantella (shapeshifter) (Vaults:1)
  5 fire elementals
  5 wraiths
  2 humans (shapeshifter) (Depths:4)
  29 ushabtiu
  A basilisk (shapeshifter) (Depths:4)
  A black mamba skeleton (Crypt:1)
  13 yaks
  A hog (shapeshifter) (Vaults:4)
  21 golden eyes
  12 water elementals
  3 basilisks
  3 neqoxecs
  A hungry ghost (D:9)
  Menkaure (D:5)
  30 vampire mosquitoes
  7 swamp worms
  A spatial vortex (Abyss:2)
  A gelid demonspawn zombie (Crypt:1)
  81 nagas
  A swamp worm (shapeshifter) (Vaults:5)
  2 acid dragons
  23 insubstantial wisps
  7 wargs
  6 water moccasins
  11 hell hounds
  3 porcupines
  A floating eye (shapeshifter) (Zig:5)
  A hornet zombie (D:9)
  2 floating eyes
  28 orc warriors
  16 swamp drakes
  A sky beast (D:6)
  7 black bears
  3 phantoms
  23 centaurs
  An eye of draining (shapeshifter) (Depths:4)
  6 necrophages
  An elephant skeleton (Crypt:2)
  22 eyes of draining
  7 ice beasts
  15 wolves
  2 boggarts (Vaults:2)
  A manticore skeleton (Crypt:2)
  A lindwurm skeleton (Crypt:2)
  33 ogres
  6 human skeletons
  6 crocodiles
  A big kobold (D:7)
  11 bullfrogs
  A wyvern zombie (D:12)
  3 earth elementals
  A wyvern skeleton (D:14)
  4 scorpions
  A killer bee (shapeshifter) (Depths:2)
  3 human simulacra
  7 killer bees
  2 elf simulacra
  A polar bear skeleton (Crypt:1)
  2 wights (D:10)
  7 howler monkeys
  11 electric eels
  7 crimson imps
  A quasit (D:5)
  A gnoll shaman (D:7)
  A basilisk zombie (Crypt:1)
  5 hounds
  4 jellies
  6 orc priests
  5 bullfrog skeletons
  11 orc wizards
  Jessica (D:2)
  Natasha (thrice) (D:3)
  4 iguanas
  A black bear skeleton (Crypt:2)
  A lightning spire (Zig:6)
  9 worker ants
  A big kobold zombie (Crypt:2)
  A naga skeleton (Abyss:2)
  A hound skeleton (D:5)
  73 mummies
  13 gnolls
  A howler monkey skeleton (D:7)
  11 adders
  A steam dragon skeleton (Crypt:2)
  3 shadow imps
  2 white imps (Zig:7)
  3 ufetubi (Abyss:2)
  2 worm zombies
  4 adder skeletons
  5 dart slugs
  3 worms
  2 leopard geckos
  30 orcs
  A ball python (D:3)
  6 giant cockroaches
  7 goblins
  20 hobgoblins
  8 jackals
  4 quokkas
  5 bats
  5 frilled lizards
  A jackal skeleton (D:8)
  A jackal zombie (D:4)
  14 kobolds
  A leopard gecko skeleton (D:7)
  6 rats
  3 briar patches (Swamp:4)
  9 crawling corpses (Vaults:5)
  2 fungi
  5 lost souls (Zig:26)
  8 plants
3107 creatures vanquished.

Vanquished Creatures (collateral kills)
  2 ancient liches
  Khufu (Tomb:3)
  2 bone dragons
  A lich (Depths:4)
  Rupert (Lair:6)
  A tentacled monstrosity (Vaults:5)
  2 deep elf blademasters
  7 acid blobs
  2 shadow dragons
  A tengu reaver (Vaults:5)
  An azure jelly (shapeshifter) (Depths:4)
  3 storm dragons
  A draconian monk (Zig:10)
  A fire giant (Vaults:5)
  A deep elf sorcerer (Elf:3)
  A draconian knight (Zig:10)
  A vault warden (Vaults:5)
  A draconian scorcher (Depths:5)
  A curse skull (Zig:23)
  4 ironheart preservers
  A draconian shifter (Zig:10)
  A deep elf elementalist (Elf:3)
  3 ghouls (Crypt:2)
  4 stone giants
  A bennu (Tomb:3)
  4 deep elf demonologists (Elf:3)
  2 deep elf annihilators (Elf:3)
  A white draconian (Depths:5)
  A spark wasp (Depths:4)
  A merfolk javelineer (Zig:17)
  An ettin (Depths:5)
  A mummy priest (Tomb:1)
  A fire dragon (Depths:4)
  A death ooze (Zig:24)
  3 deep elf death magi (Elf:3)
  An ogre mage (Zig:13)
  2 deep elf high priests
  A rakshasa (Vaults:3)
  An ice dragon (shapeshifter) (Vaults:5)
  An ice dragon (Vaults:4)
  10 vault guards (Vaults:5)
  3 centaur warriors
  A catoblepas (D:14)
  An anaconda (Snake:1)
  9 two-headed ogres
  13 dancing weapons
  A death knight (Vaults:3)
  A tengu warrior (D:13)
  A thrashing horror (Abyss:2)
  A spriggan berserker (Depths:4)
  A small abomination (Elf:3)
  2 hell knights
  2 deep elf knights (Elf:2)
  A shadow wraith (Vaults:4)
  9 skeletal warriors
  A sea snake (Zig:17)
  A flayed ghost (Crypt:2)
  2 wizards
  A glowing orange brain (Zig:25)
  An orb spider (Zig:12)
  6 deep elf archers
  3 orc knights
  2 ironbrand convokers
  A mana viper (shapeshifter) (Depths:4)
  20 deep elf magi
  A necromancer (D:15)
  3 orc sorcerers
  12 ugly things
  A stone giant zombie (Zig:7)
  A wolf spider (Zig:14)
  2 cyclopes
  2 centaur zombies (D:14)
  5 elephants
  A stone giant skeleton (D:15)
  3 vault sentinels
  3 black mambas
  A spiny frog (shapeshifter) (Vaults:1)
  5 spiny frogs
  2 naga magi
  A centaur skeleton (D:14)
  2 rime drakes
  9 yaktaurs
  3 tengu conjurers
  A demonic crawler (Zig:14)
  3 freezing wraiths
  A guardian mummy (Tomb:3)
  A troll (Vaults:4)
  A komodo dragon (Lair:5)
  An ancient zyme (Abyss:2)
  A queen bee (shapeshifter) (Elf:1)
  A merfolk (Zig:17)
  4 blink frogs
  6 polar bears
  A raiju (Abyss:2)
  12 slime creatures
  A dream sheep (Lair:5)
  2 hippogriffs
  A hydra skeleton (Tomb:1)
  2 air elementals
  A spriggan (shapeshifter) (Depths:4)
  5 flying skulls
  A water elemental (Zig:17)
  A human (shapeshifter) (Elf:3)
  A wraith (Vaults:1)
  23 yaks
  3 ushabtiu (Tomb:3)
  A basilisk (Lair:4)
  2 fire elementals
  2 hogs (Snake:4)
  A hungry ghost (D:11)
  A vampire mosquito (D:15)
  2 insubstantial wisps (Swamp:2)
  4 wargs (Lair:6)
  11 water moccasins
  2 acid dragons
  3 porcupines
  12 hell hounds
  14 orc warriors
  2 sky beasts
  A swamp drake (Lair:6)
  8 ice beasts
  An eye of draining (Zig:24)
  7 black bears
  2 ogres
  5 wolves
  3 centaurs (D:12)
  5 crocodiles
  A big kobold (D:14)
  5 bullfrogs
  A glowing shapeshifter simulacrum (Vaults:1)
  2 earth elementals (Zig:20)
  A wyvern skeleton (D:11)
  A scorpion (D:14)
  6 killer bees
  2 wights (D:10)
  An electric eel (D:9)
  2 crimson imps
  A starcursed mass (Abyss:2)
  2 hounds
  2 orc priests
  7 orc wizards
  An iguana (Lair:6)
  A worker ant (D:11)
  3 mummies
  A shadow imp (D:13)
  An adder zombie (D:9)
  8 orcs
  2 goblins (Bailey)
  A hobgoblin (Bailey)
  6 crawling corpses (Vaults:5)
  A plant (Lair:5)
440 creatures vanquished.

Vanquished Creatures (others)
  2 orc warlords (Depths:5)
  A lich (Depths:2)
  34 orc knights
  A naga warrior (Snake:2)
  2 hydras (Swamp:4)
  22 death scarabs (Tomb:2)
  A deep elf knight (Vaults:3)
  6 orc high priests
  A skeletal warrior (Crypt:3)
  An unseen horror (D:14)
  33 orc warriors
  10 orc sorcerers
  A moth of wrath (Zig:12)
  A black mamba (Zig:15)
  A smoke demon (Abyss:2)
  A spiny frog (Swamp:3)
  A catoblepas skeleton (Tomb:2)
  A tyrant leech (Swamp:2)
  2 blink frogs (Swamp:4)
  A hornet (Swamp:2)
  A snapping turtle (Zig:17)
  A flying skull (Tomb:2)
  A human (Snake:4)
  A basilisk (Lair:6)
  2 vampire mosquitoes (Swamp:4)
  A swamp drake (Swamp:4)
  An eye of draining (Slime:2)
  An ogre (Vaults:5)
  A killer bee (D:9)
  A spriggan skeleton (Abyss:2)
  50 orc priests
  26 orc wizards
  A worker ant (D:5)
  An iguana (Lair:6)
  3 mummies
  A white imp (Abyss:2)
  83 orcs
  A briar patch (Swamp:2)
  5 fire vortices (Zig:21)
  6 fungi
  2 lost souls (Zig:26)
  19 plants
  2 starspawn tentacles (Abyss:2)
  4 withered plants (D:15)
338 creatures vanquished.

Grand Total: 3885 creatures vanquished

Notes
Turn   | Place    | Note
-------+----------+-------------------------------------------
     0 | D:1      | 4thArraOfDagon the Hill Orc Enchanter began the quest for the Orb.
     0 | D:1      | Reached XP level 1. HP: 14/14 MP: 3/3
   336 | D:1      | Reached XP level 2. HP: 20/20 MP: 4/4
   344 | D:1      | Learned a level 2 spell: Ensorcelled Hibernation
   645 | D:2      | Reached XP level 3. HP: 26/26 MP: 5/5
   937 | D:3      | Noticed Natasha
  1123 | D:4      | Found a staircase to the Ecumenical Temple.
  1124 | D:4      | Noticed TheNamelessOne's ghost (amateur DsFE)
  1376 | D:2      | Noticed Jessica
  1381 | D:2      | Reached skill level 1 in Axes
  1612 | D:3      | Reached skill level 1 in Fighting
  1612 | D:3      | Reached skill level 1 in Armour
  1612 | D:3      | Reached XP level 4. HP: 35/35 MP: 3/6
  1635 | Temple   | Entered the Ecumenical Temple
  1788 | D:4      | Learned a level 3 spell: Confuse
  1886 | D:4      | Noticed an ogre
  1924 | D:5      | Entered Level 5 of the Dungeon
  2189 | D:4      | Found a stormy altar of Qazlal.
  2201 | D:4      | Reached XP level 5. HP: 41/41 MP: 2/7
  2881 | D:5      | Noticed an ogre
  2892 | D:6      | Reached XP level 6. HP: 43/51 MP: 0/8
  3051 | D:6      | Reached skill level 5 in Axes
  3400 | D:7      | Noticed a black bear
  3490 | D:6      | Found Ruci's General Store.
  3494 | D:6      | Bought a potion of berserk rage for 60 gold pieces
  3494 | D:6      | Bought a scroll of immolation for 42 gold pieces
  3494 | D:6      | Bought a potion of degeneration for 12 gold pieces
  3494 | D:6      | Bought a potion of curing for 36 gold pieces
  3603 | D:6      | Reached XP level 7. HP: 15/59 MP: 1/9
  4591 | D:4      | Identified the +0 war axe of Kaujocyqa {chaos, Fragile MR++ Dex+3} (You found it on level 4 of the Dungeon)
  4768 | D:2      | Killed Jessica
  4793 | D:2      | Found a basalt altar of Yredelemnul.
  4797 | D:2      | Found a sparkling altar of Nemelex Xobeh.
  4801 | D:2      | Found an ornate altar of the Wu Jian Council.
  5420 | D:4      | Got an ichor-stained short sword
  5421 | D:4      | Identified the +6 short sword "Vofow" {pierce, rC+ Str+3 Dex-5} (You found it on level 4 of the Dungeon)
  5589 | D:5      | Reached skill level 5 in Fighting
  5602 | D:5      | Became a worshipper of Beogh the Brigand
  5631 | D:5      | Found a hazy altar of Hepliaklqana.
  5681 | D:5      | Reached XP level 8. HP: 60/68 MP: 10/10
  5775 | D:5      | Reached skill level 1 in Invocations
  5849 | D:5      | Noticed Menkaure
  5862 | D:5      | Killed Menkaure
  5862 | D:5      | Reached skill level 2 in Invocations
  6880 | D:3      | Killed Natasha
  7518 | D:3      | Noticed Natasha
  7525 | D:3      | Killed Natasha
  7633 | D:3      | Noticed Natasha
  7640 | D:3      | Killed Natasha
  7719 | D:4      | Reached skill level 3 in Invocations
  8288 | D:6      | Reached skill level 10 in Axes
  8310 | D:6      | Reached * piety under Beogh
  8322 | D:6      | Reached skill level 4 in Invocations
  8426 | D:6      | Reached XP level 9. HP: 68/78 MP: 6/12
  8497 | D:6      | Found a shadowy altar of Dithmenos.
  8847 | D:7      | Reached skill level 5 in Invocations
  8897 | D:7      | Learned a level 1 spell: Apportation
  8899 | D:7      | Learned a level 1 spell: Animate Skeleton
  9107 | D:7      | Found a blossoming altar of Fedhas.
  9501 | D:7      | Reached ** piety under Beogh
  9698 | D:8      | Found Ebly's Book Emporium.
  9795 | D:8      | Reached skill level 6 in Invocations
 10152 | D:8      | Found Oxirchoki's Distillery.
 10160 | D:8      | Bought a potion of might for 64 gold pieces
 10160 | D:8      | Bought a potion of haste for 160 gold pieces
 10160 | D:8      | Bought a potion of heal wounds for 80 gold pieces
 10161 | D:8      | Noticed a troll
 10173 | D:8      | Killed a troll
 10253 | D:8      | Reached XP level 10. HP: 31/88 MP: 13/15
 10282 | D:8      | Noticed a two-headed ogre
 10338 | D:8      | Found an opulent altar of Gozag.
 10341 | D:8      | Found Rerchieps's Assorted Antiques.
 10358 | D:8      | Bought an inky potion for 31 gold pieces
 10454 | D:9      | Noticed a two-headed ogre
 10458 | D:9      | Killed a two-headed ogre
 10458 | D:9      | Reached skill level 7 in Invocations
 10685 | D:9      | Found the +2 ratskin cloak {+Rats rPois rN+ Str-1 Int-1 Dex+1}
 10716 | D:9      | Found a flagged portal.
 10726 | Bailey   | Entered a bailey
 10734 | Bailey   | Reached *** piety under Beogh
 10823 | Bailey   | Noticed an orc sorcerer
 10823 | Bailey   | Noticed an orc sorcerer
 10838 | Bailey   | Noticed a sixfirhy
 10839 | Bailey   | Killed an orc sorcerer
 10902 | Bailey   | Killed an orc sorcerer
 10902 | Bailey   | Reached skill level 8 in Invocations
 11037 | Bailey   | Found an iron altar of Okawaru.
 11058 | Bailey   | Noticed an orc knight
 11076 | Bailey   | Killed an orc knight
 11158 | Bailey   | Reached XP level 11. HP: 78/97 MP: 7/17
 11298 | Bailey   | Identified a +1 pair of boots of running (You found it in a bailey)
 11369 | Bailey   | Noticed an orc knight
 11405 | Bailey   | Killed an orc knight
 11699 | D:9      | Noticed a two-headed ogre
 11714 | D:9      | Killed a two-headed ogre
 11724 | D:9      | Found a burning altar of Makhleb.
 11726 | D:9      | Found a burning altar of Makhleb.
 11802 | D:9      | Reached skill level 9 in Invocations
 11962 | D:9      | Reached **** piety under Beogh
 11966 | D:9      | Reached skill level 10 in Fighting
 12275 | D:8      | Killed a two-headed ogre
 12355 | D:8      | Reached skill level 15 in Axes
 12362 | D:8      | Found Tasoic's Distillery.
 12373 | D:8      | Bought a potion of heal wounds for 60 gold pieces
 12518 | D:10     | Entered Level 10 of the Dungeon
 12635 | D:10     | Reached ***** piety under Beogh
 12664 | D:10     | Reached skill level 10 in Invocations
 12675 | D:10     | Found a staircase to the Lair.
 12679 | D:10     | Reached skill level 5 in Spellcasting
 13223 | D:11     | Reached XP level 12. HP: 67/106 MP: 19/19
 13291 | D:11     | Noticed a two-headed ogre
 13311 | D:11     | Killed a two-headed ogre
 13311 | D:11     | Gained Wulfoc as an ally
 13685 | D:12     | Found a staircase to the Orcish Mines.
 13855 | D:12     | Found Diowennyeca's General Store.
 13881 | D:12     | Found a blossoming altar of Fedhas.
 14233 | D:13     | Noticed a death knight
 14301 | D:13     | Noticed a centaur warrior
 14308 | D:13     | Noticed a tengu warrior
 14314 | D:13     | Noticed a tengu warrior
 14319 | D:13     | Killed a tengu warrior
 14333 | D:13     | Killed a tengu warrior
 14345 | D:13     | Your ally Wulfoc died
 14361 | D:13     | Killed a centaur warrior
 15138 | D:14     | Found a white marble altar of Elyvilon.
 15192 | D:14     | Noticed a centaur warrior
 15243 | D:14     | Killed a centaur warrior
 15286 | D:14     | Reached XP level 13. HP: 111/113 MP: 23/23
 15655 | D:14     | Gained Wargath as an ally
 15804 | D:14     | Noticed a vault guard
 15824 | D:14     | Noticed a fire dragon
 15825 | D:14     | Noticed a vault guard
 15839 | D:14     | Killed a fire dragon
 15853 | D:14     | Your ally Wargath died
 15854 | D:14     | Killed a vault guard
 15886 | D:14     | Found a gate to the Vaults.
 15908 | D:14     | Killed a vault guard
 15948 | D:14     | Noticed a vault guard
 15964 | D:14     | Killed a vault guard
 16036 | D:15     | Entered Level 15 of the Dungeon
 16219 | D:15     | Found a staircase to the Depths.
 16255 | D:14     | Noticed a vault guard
 16317 | Orc:1    | Entered Level 1 of the Orcish Mines
 16625 | Orc:1    | Found a roughly hewn altar of Beogh.
 16640 | Orc:1    | Gained Borgoth as an ally
 16649 | Orc:1    | Your ally Borgoth died
 16705 | Orc:1    | Thaneod: what else title left?
 16707 | Orc:1    | 4thArraOfDagon: idk
 16713 | Orc:2    | Entered Level 2 of the Orcish Mines
 16713 | Orc:2    | Found Ates Vih's Book Emporium.
 16713 | Orc:2    | Noticed an orc warlord
 16998 | Orc:1    | Killed an orc warlord
 17218 | Orc:2    | Found a staircase to the Elven Halls.
 17601 | D:8      | Bought a book of the Earth for 845 gold pieces
 17608 | D:8      | Learned a level 6 spell: Statue Form
 17922 | Orc:1    | Reached skill level 1 in Earth Magic
 18018 | Orc:2    | Reached skill level 1 in Transmutations
 18237 | Orc:2    | 4thArraOfDagon: ??ratskin
 18237 | Orc:2    | beem: ratskin cloak[1/1]: +2 unrandart cloak with +Rats rPois rN+ Str-1 Int-1 Dex+1. +Rats summons rats!
 18291 | Orc:2    | 4thArraOfDagon: ??hell rat
 18291 | Orc:2    | beem: hell rat[1/2]: It drains, it bites, it's fast, and it will kill you quick from up close. Unless you find a rat vault, though, they usually only show up when you're plenty buff enough to take them. Roars on awakening and moves faster than normal.
 18291 | Orc:2    | 4thArraOfDagon: %??hell rat
 18291 | Orc:2    | beem: hell rat (r)
                  | Spd:
    12 | HD: 3    | HP: 12-19
                  | AC/EV: 7/10
                  | Dam: 20(drain)
                  | demonic, evil
                  | Res: magic(20), rot, neg+++, torm
                  | Vul: holy
                  | Chunks: noxious
                  | XP:
    33 | Sz: little | Int: animal.
 18291 | Orc:2    | 4thArraOfDagon: ??hell rat[2
 18291 | Orc:2    | beem: hell rat[2/2]: http://www.dapper.com.au/whatrat.htm#argente
 18291 | Orc:2    | Thaneod: Ratlord:)
 18298 | Orc:2    | zero: lol
 18424 | Orc:2    | Found Doybu's Magic Scroll Shop.
 18424 | Orc:2    | Found Lifyjedgh's Food Shop.
 18425 | Orc:2    | Found Umpaep's General Store.
 18430 | Orc:2    | Found Dumpa's Jewellery Shoppe.
 18442 | Orc:2    | Bought a scroll of blinking for 135 gold pieces
 18442 | Orc:2    | Bought 2 potions of heal wounds for 180 gold pieces
 18452 | Orc:2    | Bought a scroll of magic mapping for 45 gold pieces
 18600 | Lair:1   | Entered Level 1 of the Lair of Beasts
 18725 | Lair:1   | Reached XP level 14. HP: 97/121 MP: 26/26
 18951 | Lair:1   | Learned a level 5 spell: Lee's Rapid Deconstruction
 19420 | Lair:3   | Found a staircase to the Snake Pit.
 19530 | Lair:3   | Gained Ognian as an ally
 19703 | Lair:3   | :)
 19965 | Lair:3   | Identified the +1 ring mail "Wugali" {rF+ Regen+ rCorr} (You found it on level 3 of the Lair of Beasts)
 20692 | Lair:5   | Reached skill level 5 in Earth Magic
 20937 | Lair:5   | Found a staircase to the Slime Pits.
 21091 | Lair:6   | Entered Level 6 of the Lair of Beasts
 21167 | Lair:6   | Found a dark tunnel.
 21179 | Volcano  | Entered a volcano
 21605 | Lair:6   | Reached skill level 5 in Transmutations
 21638 | Lair:6   | Reached XP level 15. HP: 100/126 MP: 28/28
 21903 | Lair:6   | p0werm0de: --.-- LEMON HAZE
 21934 | Lair:6   | p0werm0de: you playin quite a lot lately,arra
 21950 | Lair:6   | p0werm0de: big LEAD in combo scores now
 21967 | Lair:6   | p0werm0de: sup @everyone
 22030 | Lair:6   | Noticed Rupert
 22045 | Lair:6   | Killed Rupert
 22071 | Lair:6   | Got a bound copper ring
 22073 | Lair:6   | Identified the ring "Haomiym" {Ice Int+6 Slay+2} (You found it on level 6 of the Lair of Beasts)
 22370 | Elf:1    | Entered Level 1 of the Elven Halls
 22905 | Elf:1    | Cast into level 3 of the Abyss (a deep elf demonologist)
 22908 | Abyss:3  | Found a shimmering altar of Xom.
 23107 | Abyss:3  | Found a snail-covered altar of Cheibriados.
 23115 | Elf:1    | Escaped the Abyss
 23188 | Elf:1    | Found Kalokint's General Store.
 23224 | Elf:1    | Found Ziggip's Assorted Antiques.
 23224 | Elf:1    | Found Coqoc's Book Shoppe.
 23245 | Elf:1    | Found Tikedih's General Store.
 23248 | Elf:1    | Bought a scroll labeled MAGE RERUI for 28 gold pieces
 23360 | Elf:2    | Found Omuapo Dibef's Food Boutique.
 23413 | Elf:3    | Entered Level 3 of the Elven Halls
 23847 | Elf:3    | Identified the Disquisition on Creative Contamination
 24074 | Elf:3    | Identified the amulet "Diup" {rC+ Regen+ Int+2} (You took it off a deep elf mage on level 3 of the Elven Halls)
 24129 | Elf:3    | Got a translucent copper ring
 24130 | Elf:3    | Got a fine robe
 24161 | Elf:3    | Noticed a deep elf master archer
 24165 | Elf:3    | Killed a deep elf master archer
 24165 | Elf:3    | Reached XP level 16. HP: 64/134 MP: 25/29
 24305 | Elf:3    | Thaneod: another exec -> brand weapon?
 24311 | Elf:3    | Reached skill level 10 in Earth Magic
 24334 | Elf:3    | Noticed a deep elf master archer
 24339 | Elf:3    | Killed a deep elf master archer
 24345 | Elf:3    | :O
 24367 | Elf:3    | Identified the +0 robe of Free Will {rPois MP+9 Dex-3} (You took it off a deep elf mage on level 3 of the Elven Halls)
 24403 | Elf:3    | Noticed a deep elf blademaster
 24408 | Elf:3    | Killed a deep elf blademaster
 24447 | Elf:3    | Identified the +1 chain mail of the Meadowlark {Str+4 Stlth+} (You took it off a deep elf high priest on level 3 of the Elven Halls)
 24609 | Elf:3    | Noticed a deep elf blademaster
 24616 | Elf:3    | Killed a deep elf blademaster
 24616 | Elf:3    | Reached skill level 10 in Spellcasting
 24640 | Elf:3    | Found the -2 hat of the Alchemist {rElec rPois rF+ rC+ rN+ MR+ rMut rCorr}
 24712 | Elf:3    | Identified the ring "Luusm" {rCorr rC+ MP+9 Str+4 Dex-3} (You took it off a deep elf mage on level 3 of the Elven Halls)
 24727 | Elf:3    | Learned a level 8 spell: Ignition
 24755 | Elf:2    | Reached skill level 1 in Fire Magic
 24866 | Elf:2    | Found a runed gate.
 24880 | Elf:2    | Found a runed gate.
 24880 | Elf:2    | Found a runed gate.
 25093 | Elf:2    | Noticed a deep elf blademaster
 25101 | Elf:2    | Killed a deep elf blademaster
 25280 | Elf:2    | Reached XP level 17. HP: 35/140 MP: 29/31
 25426 | Elf:1    | Reached skill level 5 in Fire Magic
 25450 | Elf:1    | Identified the Almanac of Companions
 25487 | Elf:1    | Found Hicyrph's Jewellery Shoppe.
 25659 | Elf:1    | Bought a scroll of teleportation for 39 gold pieces
 25659 | Elf:1    | Bought a potion of agility for 52 gold pieces
 25659 | Elf:1    | Bought 2 scrolls of identify for 52 gold pieces
 25668 | Elf:1    | Bought a book of Alchemy for 1050 gold pieces
 25671 | Elf:1    | Learned a level 2 spell: Sublimation of Blood
 25782 | Orc:2    | Bought a scroll of teleportation for 39 gold pieces
 25782 | Orc:2    | Bought a scroll of teleportation for 39 gold pieces
 25782 | Orc:2    | Bought a scroll of fog for 26 gold pieces
 25792 | Orc:2    | Bought a scroll of teleportation for 54 gold pieces
 25792 | Orc:2    | Bought a potion of heal wounds for 90 gold pieces
 25980 | Snake:1  | Entered Level 1 of the Snake Pit
 26017 | Snake:1  | Reached skill level 1 in Necromancy
 26161 | Snake:1  | Identified the +2 leather armour of Icsix {rPois rF- Str+2 SInv} (You found it on level 1 of the Snake Pit)
 26218 | Snake:1  | Reached skill level 5 in Dodging
 26319 | Snake:1  | Noticed PegasusDuck's ghost (journeyman DEAE)
 26326 | Snake:1  | Killed PegasusDuck's ghost
 27431 | Snake:3  | Reached skill level 5 in Necromancy
 27545 | Snake:3  | Reached ****** piety under Beogh
 27630 | Snake:3  | Reached XP level 18. HP: 147/147 MP: 32/32
 28188 | Snake:3  | Gained Orik as an ally
 28188 | Snake:3  | Gained Norbak as an ally
 28362 | Snake:4  | Entered Level 4 of the Snake Pit
 28997 | Snake:4  | Noticed Kirke
 29013 | Snake:4  | Killed Kirke
 29102 | Snake:4  | Noticed Vashnia
 29121 | Snake:4  | Killed Vashnia
 29136 | Snake:4  | Reached skill level 10 in Fire Magic
 29253 | Snake:4  | Gained Bladwarg as an ally
 29264 | Snake:4  | Your ally Bladwarg died
 29446 | Snake:4  | Reached XP level 19. HP: 149/154 MP: 34/34
 29585 | Snake:4  | Got a serpentine rune of Zot
 30050 | Lair:2   | Found a staircase to the Swamp.
 30060 | Swamp:1  | Entered Level 1 of the Swamp
 30067 | Swamp:1  | Noticed a tentacled monstrosity
 30082 | Swamp:1  | Killed a tentacled monstrosity
 30537 | Swamp:2  | Noticed Frances
 30600 | Swamp:2  | Gained Morbeogh as an ally
 30660 | Swamp:2  | Noticed Aizul
 30678 | Swamp:2  | Killed Aizul
 30755 | Swamp:2  | Killed Frances
 30908 | Swamp:2  | Noticed Nikola
 30928 | Swamp:2  | Killed Nikola
 31019 | Swamp:2  | Reached skill level 1 in Evocations
 31628 | Swamp:4  | Entered Level 4 of the Swamp
 31704 | Swamp:4  | Reached skill level 10 in Dodging
 31811 | Swamp:4  | Reached XP level 20. HP: 161/161 MP: 35/35
 32107 | Swamp:4  | Got a decaying rune of Zot
 32414 | Swamp:4  | Identified the +1 scale mail of Royalty {Int+4} (You found it on level 4 of the Swamp)
 32673 | Vaults:1 | Entered Level 1 of the Vaults
 33012 | Vaults:1 | Paralysed by a wizard for 6 turns
 33141 | Vaults:1 | Gained Marbaugh as an ally
 33175 | Vaults:1 | Found Zaeps's Gadget Emporium.
 33256 | Vaults:1 | Gained Boldo as an ally
 33270 | Vaults:1 | Your ally Marbaugh died
 33761 | Vaults:2 | Gained Bogrim as an ally
 33824 | Vaults:2 | Reached XP level 21. HP: 63/168 MP: 37/37
 33824 | Vaults:2 | Found Xeistri's Magic Scroll Emporium.
 33824 | Vaults:2 | Your ally Bogrim died
 33852 | Vaults:2 | Bought a scroll of enchant weapon for 150 gold pieces
 33852 | Vaults:2 | Bought a scroll of blinking for 150 gold pieces
 33852 | Vaults:2 | Bought a scroll of magic mapping for 70 gold pieces
 34399 | Vaults:3 | Learned a level 3 spell: Regeneration
 34511 | Vaults:2 | Gained Boldo as an ally
 34532 | Vaults:2 | Your ally Boldo died
 34539 | Vaults:2 | p0werm0de: https://www.reddit.com/r/dcss/comments/8gz155/vampiric_broadaxe/dygu38z/
 34555 | Vaults:2 | p0werm0de: r/bigdickproblems
 34562 | Vaults:2 | p0werm0de: 8)
 34562 | Vaults:2 | 4thArraOfDagon: hey
 34562 | Vaults:2 | p0werm0de: jo
 34562 | Vaults:2 | p0werm0de: i'm scared now
 34562 | Vaults:2 | p0werm0de: this kind of hate and anger he needs to beat WR
 34562 | Vaults:2 | p0werm0de: !lg pureman
 34562 | Vaults:2 | beem: 1480. pureman the Cleaver (L10 DDFi of Makhleb), slain by a killer bee (kmap: david_nohive_1) on D:9 on 2018-05-05 01:16:25, with 4512 points after 3363 turns and 0:04:14.
 34562 | Vaults:2 | 4thArraOfDagon: its this guy?
 34627 | Vaults:2 | p0werm0de: the dude is argueing with manman/pureman
 34642 | Vaults:2 | p0werm0de: no i ont know the other
 34733 | Vaults:2 | p0werm0de: did ya see my new WR
 34752 | Vaults:2 | p0werm0de: !lg . ddfi won -2 -log
 34762 | Vaults:2 | beem: 22/23. p0werm0de, XL22 DDFi, T:17379: https://crawl.xtahua.com/crawl/morgue/p0werm0de/morgue-p0werm0de-20180427-084049.txt
 34797 | Vaults:2 | p0werm0de: also pretty good turncount for 32 min ;D
 35025 | Vaults:3 | Noticed Jory
 35038 | Vaults:3 | Killed Jory
 35038 | Vaults:3 | Gained Wargrak as an ally
 35042 | Vaults:2 | Gained Warbeogh as an ally
 35171 | Vaults:3 | Noticed Asterion
 35208 | Vaults:3 | Reached skill level 15 in Fire Magic
 35209 | Vaults:3 | Killed Asterion
 35427 | Vaults:3 | Found a portal to a secret trove of treasure.
 35642 | Vaults:3 | Gained Orbeogh as an ally
 35733 | Vaults:3 | Reached XP level 22. HP: 174/174 MP: 38/38
 35734 | Vaults:3 | Found a staircase to the Crypt.
 35835 | Vaults:3 | Gained Koronagh as an ally
 35868 | Vaults:3 | Gained Ortolf as an ally
 35960 | Vaults:3 | p0werm0de: reni *Cuddleburrow+
 36006 | Vaults:3 | p0werm0de: where is the vodka you promised to send
 36161 | Vaults:4 | ReniFell: well russian mail workers drunk it
 36161 | Vaults:4 | ReniFell: sorry
 36283 | Vaults:4 | p0werm0de: meh
 36339 | Vaults:4 | Found a flickering gateway to a bazaar.
 36348 | Bazaar   | Entered a bazaar
 36348 | Bazaar   | Found Toxoib's Distillery.
 36348 | Bazaar   | Found Nofanges's General Store.
 36359 | Bazaar   | Found Yllei's Antique Weapon Emporium.
 36367 | Bazaar   | Found Kulek's Antique Armour Emporium.
 36378 | Bazaar   | Found Acliygh's Gadget Boutique.
 36428 | Bazaar   | Bought a pair of warped gloves for 342 gold pieces
 36447 | Bazaar   | Bought 2 potions of brilliance for 64 gold pieces
 36447 | Bazaar   | Bought a scroll of magic mapping for 28 gold pieces
 36447 | Bazaar   | Identified the +1 pair of gloves of the Earth {rN++ Dex+6} (You bought it in a shop in a bazaar)
 36472 | Bazaar   | Bought a potion of heal wounds for 50 gold pieces
 36472 | Bazaar   | Bought a potion of curing for 30 gold pieces
 36472 | Bazaar   | Bought a potion of ambrosia for 80 gold pieces
 36472 | Bazaar   | Bought a potion of curing for 30 gold pieces
 36472 | Bazaar   | Bought a potion of curing for 30 gold pieces
 36472 | Bazaar   | Bought a potion of brilliance for 40 gold pieces
 36472 | Bazaar   | Bought a potion of heal wounds for 50 gold pieces
 36472 | Bazaar   | Bought a potion of brilliance for 40 gold pieces
 36623 | Vaults:4 | Gained Arkwar as an ally
 37017 | Vaults:5 | Entered Level 5 of the Vaults
 37400 | D:15     | Gained Bladwarg as an ally
 37482 | D:15     | Gained Syrus as an ally
 37488 | D:15     | Your ally Syrus died
 37673 | Depths:1 | Entered Level 1 of the Depths
 37869 | Depths:1 | Reached XP level 23. HP: 142/181 MP: 40/40
 38170 | Depths:1 | Found a gateway to a ziggurat.
 38243 | Depths:1 | Found a one-way gate leading to the halls of Pandemonium.
 38243 | Depths:1 | Found a gateway to Hell.
 38628 | Depths:2 | Identified the cursed +0 chain mail "Woocziz" {+Blink rPois rC- Dex+2} (You found it on level 2 of the Depths)
 39010 | Depths:2 | HP: 9/240 [spriggan rider/spear[a spriggan defender] (7)]
 39591 | Depths:3 | Noticed Mara
 39629 | Depths:3 | Noticed 4thArraOfDagon's illusion
 39742 | Depths:3 | Noticed a caustic shrike
 39758 | Depths:3 | :OI
 39856 | Depths:4 | Noticed a golden dragon
 40093 | Depths:3 | Noticed 4thArraOfDagon's illusion
 40093 | Depths:3 | Killed Mara
 40111 | Depths:3 | Noticed a golden dragon
 40153 | Depths:3 | Killed a golden dragon
 40465 | Depths:3 | Reached XP level 24. HP: 198/198 MP: 41/41
 40675 | Depths:3 | Gained Gorm as an ally
 40810 | Depths:4 | Gained Bogdar as an ally
 40817 | Depths:4 | Your ally Bogdar died
 40837 | Depths:4 | Gained Oruk as an ally
 40970 | Depths:4 | Your ally Oruk died
 41061 | Depths:4 | Gained Zartorak as an ally
 41077 | Depths:4 | Got an ancient bronze ring
 41078 | Depths:4 | Identified the ring "Kied" {Wiz Slay+3} (You found it on level 4 of the Depths)
 41336 | Depths:4 | Reached skill level 15 in Fighting
 41460 | Depths:4 | Sergey: hello
 41579 | Depths:4 | 4thArraOfDagon: hey Sergey
 41698 | Depths:4 | Your ally Zartorak died
 41770 | Depths:5 | Entered Level 5 of the Depths
 41838 | Depths:5 | Found a one-way gate to the infinite horrors of the Abyss.
 41960 | Depths:5 | Your ally Ognian died
 41962 | Depths:5 | Your ally Koronagh died
 42002 | Depths:5 | Found a gate to the Realm of Zot.
 42165 | Depths:5 | Reached XP level 25. HP: 217/223 MP: 16/41
 42817 | Orc:2    | Bought a book of Annihilations for 1435 gold pieces
 42827 | Orc:2    | Learned a level 9 spell: Fire Storm
 43069 | Vaults:5 | Your ally Arkwar died
 43079 | Vaults:5 | Reached skill level 1 in Conjurations
 43312 | Vaults:5 | Gained Bogbarth as an ally
 43338 | Vaults:5 | Your ally Bogbarth died
 43351 | Vaults:5 | Identified the +1 robe of Shadows and Fog {-Tele rC+ Dex+5} (You took it off an ironheart preserver on level 5 of the Vaults)
 43352 | Vaults:5 | Identified the +6 ring mail "Russug" {Stlth+} (You took it off a vault warden on level 5 of the Vaults)
 43381 | Vaults:5 | Learned a level 8 spell: Controlled Blink
 43481 | Vaults:5 | Reached skill level 1 in Translocations
 43531 | Vaults:5 | Reached skill level 15 in Spellcasting
 43871 | Vaults:5 | Got a silver rune of Zot
 43872 | Vaults:5 | Identified Sif Muna's Handbook of the Flamy Snowflakes
 43874 | Vaults:5 | Identified the Reference Book on Creative Sinister Secrets
 44014 | Vaults:5 | Reached skill level 5 in Translocations
 44147 | Vaults:5 | Gained Learuk as an ally
 44153 | Vaults:5 | Gained Arbolt as an ally
 44289 | Vaults:5 | Your ally Learuk died
 44295 | Vaults:5 | Your ally Arbolt died
 44322 | Vaults:5 | Identified the +2 ring mail "Lokkyu" {Str+7 Stlth+} (You found it on level 5 of the Vaults)
 44350 | Vaults:5 | Gained Warbeogh as an ally
 44379 | Vaults:5 | Reached XP level 26. HP: 202/236 MP: 42/42
 44860 | Slime:1  | Entered Level 1 of the Pits of Slime
 44927 | Slime:2  | Gained mutation: You are clumsy. (Dex -2) [a shining eye]
 45320 | Slime:5  | Entered Level 5 of the Pits of Slime
 45438 | Slime:5  | Noticed the Royal Jelly
 45594 | Slime:5  | Gained mutation: Potions are less effective at restoring your health. [a shining eye]
 45647 | Slime:5  | Found a viscous altar of Jiyva.
 45650 | Slime:5  | Found the +4 skin of Zhor {rC+++}
 45695 | Slime:5  | Killed the Royal Jelly
 45695 | Slime:5  | Reached skill level 10 in Translocations
 45715 | Slime:5  | Gained Bogrim as an ally
 45769 | Slime:5  | Identified Rirui's Incunabulum of Scorching Beguiling
 45776 | Slime:5  | Got a slimy rune of Zot
 45778 | Slime:5  | Identified the +1 buckler of the Cast Vote {Regen+ Dex+2} (You found it on level 5 of the Pits of Slime)
 45799 | Slime:5  | Identified the ring "Cyridaidydgh" {rPois Str+3 Stlth+} (You found it on level 5 of the Pits of Slime)
 45802 | Slime:5  | Identified the cursed +1 chain mail of the Twelve Wars {Int+3} (You found it on level 5 of the Pits of Slime)
 45912 | Slime:5  | Lost mutation: You are clumsy. (Dex -2) [potion of mutation]
 45912 | Slime:5  | Lost mutation: Potions are less effective at restoring your health. [potion of mutation]
 45912 | Slime:5  | Gained mutation: Your flesh is cold resistant. (rC+) [potion of mutation]
 45912 | Slime:5  | Gained mutation: You have a pair of small horns on your head. [potion of mutation]
 45912 | Slime:5  | Gained mutation: You are covered in fur. (AC +1) [potion of mutation]
 45912 | Slime:5  | Gained mutation: You are partially covered in yellow scales. (AC +2) [potion of mutation]
 46310 | Crypt:1  | Entered Level 1 of the Crypt
 46499 | Crypt:1  | Reached XP level 27. HP: 248/248 MP: 43/43
 46748 | Crypt:2  | Gained Bogwald as an ally
 47225 | Crypt:3  | Entered Level 3 of the Crypt
 47350 | Crypt:3  | Noticed Bai Suzhen
 47358 | Crypt:3  | Killed Bai Suzhen
 47411 | Crypt:3  | Found a staircase to the Tomb.
 47576 | Crypt:3  | Found a basalt altar of Yredelemnul.
 47605 | Crypt:3  | Noticed an ancient lich
 47622 | Crypt:3  | Killed an ancient lich
 47912 | Tomb:1   | Entered Level 1 of the Tomb of the Ancients
 47967 | Tomb:1   | Gained Nordag as an ally
 48295 | Tomb:1   | Noticed a greater mummy
 48315 | Tomb:1   | Your ally Nordag died
 48356 | Tomb:1   | Killed a greater mummy
 48406 | Tomb:1   | Sergey: are you so much worried about hunger ?
 48452 | Tomb:1   | Sergey: I see you wield staff of energy before every statue cast
 48452 | Tomb:1   | 4thArraOfDagon: yea...more like a habit
 48493 | Tomb:1   | Sergey: p0 said he has macro for that
 48515 | Tomb:1   | Sergey: but for staff of wizardry
 48658 | Tomb:2   | Noticed a greater mummy
 48659 | Tomb:2   | Noticed a greater mummy
 48661 | Tomb:2   | Noticed a greater mummy
 48662 | Tomb:2   | Noticed a greater mummy
 48662 | Tomb:2   | Noticed a greater mummy
 48680 | Tomb:1   | Killed a greater mummy
 48837 | Tomb:2   | Paralysed by a lich for 4 turns
 48962 | Tomb:3   | Entered Level 3 of the Tomb of the Ancients
 48975 | Tomb:3   | Cast into level 2 of the Abyss (reaper)
 48977 | Abyss:2  | Sergey: wow
 49008 | Abyss:2  | Sergey: lucky punch
 49018 | Abyss:2  | Sergey: for you
 49036 | Abyss:2  | 4thArraOfDagon: idk
 49036 | Abyss:2  | 4thArraOfDagon: probably yes
 49184 | Abyss:2  | Gained Oreg as an ally
 49217 | Abyss:2  | Gained Horkud as an ally
 49267 | Abyss:2  | Your ally Horkud died
 49272 | Abyss:2  | Gained Oreg as an ally
 49275 | Abyss:2  | Gained Boghold as an ally
 49286 | Abyss:2  | Your ally Oreg died
 49516 | Abyss:2  | Gained Oruk as an ally
 49544 | Tomb:3   | Escaped the Abyss
 49545 | Tomb:3   | Noticed a greater mummy
 49545 | Tomb:3   | Noticed a greater mummy
 49545 | Tomb:3   | Your ally Oruk died
 49548 | Tomb:3   | Reached skill level 5 in Conjurations
 49550 | Tomb:3   | Noticed a greater mummy
 49550 | Tomb:3   | Gained Ugrim as an ally
 49553 | Tomb:3   | Your ally Ugrim died
 49554 | Tomb:3   | Killed a greater mummy
 49554 | Tomb:3   | Killed a greater mummy
 49555 | Tomb:3   | Noticed a greater mummy
 49680 | Tomb:3   | Gained Boderik as an ally
 49682 | Tomb:3   | Killed a greater mummy
 49686 | Tomb:3   | Killed a greater mummy
 49686 | Tomb:3   | Reached skill level 15 in Translocations
 49690 | Tomb:3   | Found the +7 longbow "Piercer" {penet, EV-2}
 49808 | Tomb:3   | Your ally Boderik died
 49834 | Tomb:3   | Identified Kejar's Volume of Darkness and Ice
 49865 | Tomb:3   | Identified the +3 leather armour "Voghyahi" {+Fly rF- Int+4} (You found it on level 3 of the Tomb of the Ancients)
 49897 | Tomb:3   | Noticed a greater mummy
 49906 | Tomb:3   | Noticed Khufu
 49906 | Tomb:3   | Killed a greater mummy
 49915 | Tomb:3   | Killed Khufu
 49925 | Tomb:3   | Noticed a greater mummy
 49925 | Tomb:3   | Your ally Norbak died
 49932 | Tomb:3   | Killed a greater mummy
 49936 | Tomb:3   | Gained Bogwik as an ally
 49949 | Tomb:3   | Noticed a greater mummy
 49955 | Tomb:3   | Killed a greater mummy
 49967 | Tomb:3   | Got a golden rune of Zot
 50021 | Tomb:3   | Identified the ring "Zopum" {rF+ Dex+3 Stlth+} (You found it on level 3 of the Tomb of the Ancients)
 50033 | Tomb:3   | Noticed an ancient lich
 50038 | Tomb:3   | Your ally Wargrak died
 50038 | Tomb:3   | Killed an ancient lich
 50067 | Tomb:2   | Learned a level 4 spell: Passage of Golubria
 50076 | Tomb:2   | Learned a level 8 spell: Necromutation
 50535 | Zig:1    | Entered Level 1 of a ziggurat
 50535 | Zig:1    | Noticed Unkuh the pandemonium lord
 50543 | Zig:1    | Killed Unkuh the pandemonium lord
 50557 | Zig:1    | Upgraded the game from 0.22-a0-398-g8bb545f to 0.22-a0-402-ga933591
 50601 | Zig:2    | Entered Level 2 of a ziggurat
 50620 | Zig:3    | Entered Level 3 of a ziggurat
 50620 | Zig:3    | Noticed an orb of fire
 50625 | Zig:3    | Killed an orb of fire
 50651 | Zig:4    | Entered Level 4 of a ziggurat
 50654 | Zig:4    | Gained Bogdar as an ally
 50654 | Zig:4    | Gained Dorog as an ally
 50671 | Zig:5    | Entered Level 5 of a ziggurat
 50705 | Zig:6    | Entered Level 6 of a ziggurat
 50727 | Zig:7    | Entered Level 7 of a ziggurat
 50747 | Zig:7    | Gained Urtork as an ally
 50768 | Zig:7    | Identified the amulet "Kaxkon" {Gourm *Contam MR+ Int+5} (You found it on level 7 of a ziggurat)
 50771 | Zig:8    | Entered Level 8 of a ziggurat
 50788 | Zig:8    | Gained Arkwar as an ally
 50829 | Zig:8    | Identified the +1 leather armour of Utab {rF- Str+4 Dex+9} (You found it on level 8 of a ziggurat)
 50840 | Zig:9    | Entered Level 9 of a ziggurat
 50847 | Zig:9    | Noticed a juggernaut
 50852 | Zig:9    | Killed a juggernaut
 50852 | Zig:9    | Reached skill level 10 in Conjurations
 50881 | Zig:9    | Identified the cursed +0 helmet of the Flute {rCorr Str+4 Dex-5} (You found it on level 9 of a ziggurat)
 50901 | Zig:10   | Entered Level 10 of a ziggurat
 50921 | Zig:10   | Gained Bogfrid as an ally
 50921 | Zig:10   | Gained Wardok as an ally
 50926 | Zig:10   | Found the +6 shillelagh "Devastator" {shatter}
 50998 | Zig:11   | Entered Level 11 of a ziggurat
 51049 | Zig:11   | Found the +1 cloak of Starlight {rElec rC+ EV+4 Stlth--}
 51119 | Zig:12   | Entered Level 12 of a ziggurat
 51169 | Zig:12   | Gained Morun as an ally
 51221 | Zig:12   | Identified the ring of the Real Monster {+Fly Str+5 Int-5} (You found it on level 12 of a ziggurat)
 51264 | Zig:13   | Entered Level 13 of a ziggurat
 51308 | Zig:13   | Gained Agrik as an ally
 51314 | Zig:13   | Your ally Agrik died
 51349 | Zig:13   | Identified the ring of Guiguxt {*Slow MR+ EV+1 Str+8} (You found it on level 13 of a ziggurat)
 51353 | Zig:13   | Identified the +1 leather armour "Kiamiogi" {rPois Int-2 SInv} (You found it on level 13 of a ziggurat)
 51362 | Zig:13   | Identified the Almanac of Stones and Feathers
 51381 | Zig:14   | Entered Level 14 of a ziggurat
 51420 | Zig:14   | Gained Warrok as an ally
 51470 | Zig:15   | Entered Level 15 of a ziggurat
 51523 | Zig:15   | Reached skill level 10 in Evocations
 51558 | Zig:15   | Found the +4 arc blade {discharge, rElec}
 51570 | Zig:15   | Identified the Collected Works on Battle Magic
 51579 | Zig:15   | Identified the +12 bardiche of Ceapinn {elec, *Contam Int+8} (You found it on level 15 of a ziggurat)
 51580 | Zig:15   | :O
 51591 | Zig:16   | Entered Level 16 of a ziggurat
 51638 | Zig:16   | Identified the cursed ring of Ejireq {Str+4 Int-5} (You found it on level 16 of a ziggurat)
 51645 | Zig:16   | Identified the ring "Put-Me-On" {-Tele rElec MP+9 Dex+4} (You found it on level 16 of a ziggurat)
 51647 | Zig:16   | Identified the ring of Winum {rPois MP+9} (You found it on level 16 of a ziggurat)
 51723 | Zig:17   | Entered Level 17 of a ziggurat
 51736 | Zig:17   | Gained Gorg as an ally
 51744 | Zig:17   | Found the +7 great mace "Firestarter" {inner flame, rF++}
 51785 | Zig:17   | Identified the amulet "Femnasiawn" {rF+ rN+ Regen+ Slay+5} (You found it on level 17 of a ziggurat)
 51792 | Zig:17   | Identified the cursed +0 ring mail of the Little Devil {rF+ Stlth+} (You found it on level 17 of a ziggurat)
 51826 | Zig:17   | Identified the +5 scale mail "Sicelih" {+Blink} (You found it on level 17 of a ziggurat)
 51845 | Zig:18   | Entered Level 18 of a ziggurat
 51867 | Zig:18   | Found the +8 demon blade "Bloodbane" {slice, *Rage +Rage Stlth-}
 51867 | Zig:18   | Reached skill level 15 in Earth Magic
 51891 | Zig:18   | Identified the Volume of Bewitchment
 51917 | Zig:18   | Identified the Compendium of Evil Air
 51920 | Zig:18   | Got a pitted crystal amulet
 51925 | Zig:18   | Identified the amulet of Fixation {Spirit MR- Str+4 Dex+9} (You found it on level 18 of a ziggurat)
 51933 | Zig:19   | Entered Level 19 of a ziggurat
 51944 | Zig:19   | Noticed Temoecuo the pandemonium lord
 51944 | Zig:19   | Noticed Toozoitz the pandemonium lord
 51946 | Zig:19   | Noticed Meilu the pandemonium lord
 51946 | Zig:19   | Noticed Omofed the pandemonium lord
 51949 | Zig:19   | Found the +0 pair of fencer's gloves {+Riposte Dex+3}
 51950 | Zig:19   | Identified the Handbook of the Badger
 51950 | Zig:19   | Noticed Kapte the pandemonium lord
 51950 | Zig:19   | Noticed Bakuam the pandemonium lord
 51950 | Zig:19   | Noticed Dyatsetetu the pandemonium lord
 51951 | Zig:19   | Found the +3 salamander hide armour {+Rage rF++}
 51952 | Zig:20   | Entered Level 20 of a ziggurat
 52000 | Zig:20   | Gained Judas as an ally
 52000 | Zig:20   | Gained Borgoth as an ally
 52000 | Zig:20   | Your ally Judas died
 52080 | Zig:20   | Identified the +1 cloak of Tenacity {*Drain rPois Str+4} (You found it on level 20 of a ziggurat)
 52108 | Zig:20   | Identified the +1 robe "Atokesm" {+Inv Dex+3} (You found it on level 20 of a ziggurat)
 52115 | Zig:21   | Entered Level 21 of a ziggurat
 52136 | Zig:21   | Noticed a greater mummy
 52137 | Zig:21   | Noticed a greater mummy
 52137 | Zig:21   | Noticed a greater mummy
 52137 | Zig:21   | Noticed a greater mummy
 52137 | Zig:21   | Noticed a greater mummy
 52137 | Zig:21   | Noticed a greater mummy
 52137 | Zig:21   | Noticed a greater mummy
 52137 | Zig:21   | Noticed a greater mummy
 52138 | Zig:21   | Reached skill level 11 in Invocations
 52138 | Zig:21   | Gained Herok as an ally
 52139 | Zig:21   | Your ally Herok died
 52142 | Zig:21   | Killed a greater mummy
 52142 | Zig:21   | Reached skill level 12 in Invocations
 52142 | Zig:21   | Killed a greater mummy
 52162 | Zig:21   | Reached skill level 13 in Invocations
 52178 | Zig:21   | Killed a greater mummy
 52178 | Zig:21   | Killed a greater mummy
 52178 | Zig:21   | Reached skill level 14 in Invocations
 52178 | Zig:21   | Killed a greater mummy
 52178 | Zig:21   | Killed a greater mummy
 52178 | Zig:21   | Reached skill level 15 in Invocations
 52178 | Zig:21   | Killed a greater mummy
 52182 | Zig:21   | Killed a greater mummy
 52222 | Zig:21   | Got a faintly glowing jade ring
 52223 | Zig:21   | Identified the ring "Ceffo" {rN+++ MR- MP+9 Str+4 Dex-2} (You found it on level 21 of a ziggurat)
 52355 | Zig:22   | Entered Level 22 of a ziggurat
 52374 | Zig:22   | Reached skill level 16 in Invocations
 52375 | Zig:22   | Reached skill level 17 in Invocations
 52375 | Zig:22   | Gained Bogric as an ally
 52375 | Zig:22   | Gained Brandogh as an ally
 52375 | Zig:22   | Your ally Brandogh died
 52381 | Zig:22   | Your ally Bogric died
 52382 | Zig:22   | Gained Okrist as an ally
 52382 | Zig:22   | Paralysed by a great orb of eyes for 2 turns
 52385 | Zig:22   | Your ally Okrist died
 52386 | Zig:22   | Reached skill level 18 in Invocations
 52432 | Zig:22   | Identified the +4 ring mail of Weirdness {rC+ Dex+5} (You found it on level 22 of a ziggurat)
 52439 | Zig:22   | Identified the Disquisition on Spatial Sinister Secrets
 52442 | Zig:22   | Identified the Collected Works on Doomed Companions
 52533 | Zig:23   | Entered Level 23 of a ziggurat
 52560 | Zig:23   | Noticed an ancient lich
 52560 | Zig:23   | Noticed an ancient lich
 52560 | Zig:23   | Noticed an ancient lich
 52560 | Zig:23   | Noticed an ancient lich
 52560 | Zig:23   | Noticed an ancient lich
 52560 | Zig:23   | Noticed an ancient lich
 52561 | Zig:23   | Found the +7 sceptre of Torment
 52561 | Zig:23   | Found the +8 demon blade "Leech" {vamp, rN+ AC-3 EV-3}
 52561 | Zig:23   | Reached skill level 19 in Invocations
 52561 | Zig:23   | Gained Zartorak as an ally
 52561 | Zig:23   | Gained Spirok as an ally
 52562 | Zig:23   | Reached skill level 20 in Invocations
 52563 | Zig:23   | Killed an ancient lich
 52563 | Zig:23   | Gained Beowulf as an ally
 52563 | Zig:23   | Killed an ancient lich
 52563 | Zig:23   | Killed an ancient lich
 52563 | Zig:23   | Reached skill level 21 in Invocations
 52564 | Zig:23   | Killed an ancient lich
 52564 | Zig:23   | Your ally Beowulf died
 52565 | Zig:23   | Killed an ancient lich
 52565 | Zig:23   | Reached skill level 22 in Invocations
 52565 | Zig:23   | Killed an ancient lich
 52618 | Zig:23   | Reached skill level 23 in Invocations
 52629 | Zig:23   | Identified the cursed +1 ring mail of Free Expression {rElec rF- Str+5 Slay+5} (You found it on level 23 of a ziggurat)
 52684 | Zig:24   | Entered Level 24 of a ziggurat
 52706 | Zig:24   | Gained Rocco as an ally
 52707 | Zig:24   | Reached skill level 24 in Invocations
 52717 | Zig:24   | Paralysed by a floating eye for 3 turns
 52769 | Zig:24   | Identified the +0 robe of Cungegh {Int+3} (You found it on level 24 of a ziggurat)
 52789 | Zig:24   | Identified the Disquisition on Boosting Moulding
 52797 | Zig:24   | Reached skill level 25 in Invocations
 52845 | Zig:25   | Entered Level 25 of a ziggurat
 52890 | Zig:25   | Gained Okrist as an ally
 52890 | Zig:25   | Your ally Okrist died
 52893 | Zig:25   | Reached skill level 26 in Invocations
 52925 | Zig:25   | Gained Beowulf as an ally
 52931 | Zig:25   | Your ally Beowulf died
 52952 | Zig:25   | Thaneod: first zig?
 52964 | Zig:25   | 4thArraOfDagon: ye
 52989 | Zig:25   | Found the +8 lance "Wyrmbane" {slay drac, rPois rF+ rC+ AC+3}
 52990 | Zig:25   | Found the +7 great mace "Undeadhunter" {disrupt, rN+}
 53000 | Zig:25   | Reached skill level 27 in Invocations
 53000 | Zig:25   | Reached skill level 15 in Evocations
 53002 | Zig:25   | Identified the +3 plate armour "Aryo" {Regen+ Str+3 Dex-2} (You found it on level 25 of a ziggurat)
 53004 | Zig:25   | Got a steaming granite ring
 53005 | Zig:25   | Identified the ring of Reepocr Piwa {*Contam +Fly rN+++ MP+9 Slay-4} (You found it on level 25 of a ziggurat)
 53009 | Zig:25   | Identified the Disquisition on Companions and Battle Magic
 53012 | Zig:25   | Identified the Volume of Talismans and Stones
 53015 | Zig:25   | Got an ancient ruby amulet
 53037 | Zig:25   | Identified the ring "Tirph" {rN++ MP+9} (You found it on level 25 of a ziggurat)
 53043 | Zig:25   | Identified the +5 war axe of Plunder {flame, rPois SInv} (You found it on level 25 of a ziggurat)
 53046 | Zig:25   | Identified the +3 buckler of Pilosoju {MR++ Dex+5 Stlth+} (You found it on level 25 of a ziggurat)
 53048 | Zig:25   | Identified the amulet of Raess {Reflect Str+4 SH+6} (You found it on level 25 of a ziggurat)
 53061 | Zig:25   | 4thArraOfDagon: and last
 53115 | Zig:26   | Entered Level 26 of a ziggurat
 53161 | Zig:26   | Gained Harm as an ally
 53165 | Zig:26   | Your ally Harm died
 53172 | Zig:26   | Gained Bogbrand as an ally
 53174 | Zig:26   | Your ally Bogbrand died
 53190 | Zig:26   | Found the +8 mithril axe "Arga" {speed, MR+}
 53204 | Zig:26   | Thaneod: arga
 53226 | Zig:26   | Identified the +7 chain mail "Beoxtaig" {Str+3} (You found it on level 26 of a ziggurat)
 53228 | Zig:26   | Identified the +2 scale mail of Devotion {Stlth+} (You found it on level 26 of a ziggurat)
 53234 | Zig:26   | Identified the +4 war axe "Pendulum" {freeze, *Noise rN+ Dex+3 Stlth+} (You found it on level 26 of a ziggurat)
 53288 | Zig:27   | Entered Level 27 of a ziggurat
 53291 | Zig:27   | Noticed Anon1729's ghost (legendary DrCj)
 53320 | Zig:27   | Noticed a greater mummy
 53320 | Zig:27   | Noticed a greater mummy
 53320 | Zig:27   | Noticed a greater mummy
 53321 | Zig:27   | Noticed a greater mummy
 53321 | Zig:27   | Gained Bogbarth as an ally
 53323 | Zig:27   | Killed a greater mummy
 53324 | Zig:27   | Noticed a greater mummy
 53324 | Zig:27   | Killed a greater mummy
 53325 | Zig:27   | Killed a greater mummy
 53327 | Zig:27   | Killed a greater mummy
 53329 | Zig:27   | Noticed a greater mummy
 53330 | Zig:27   | Noticed a greater mummy
 53330 | Zig:27   | Noticed a greater mummy
 53333 | Zig:27   | Your ally Bogbarth died
 53339 | Zig:27   | Noticed a greater mummy
 53346 | Zig:27   | Killed from afar by Anon1729's ghost

Vault maps used:
D:1:      dpeg_arrival_refuge, serial_forest, infiniplex_forest_side_room,
          infiniplex_forest_lined_ring, infiniplex_forest_clump_long,
          infiniplex_forest_lined_2, infiniplex_forest_clump_double,
          infiniplex_forest_clump_large
D:2:      grunt_temple_overflow_diamond, minmay_rat_gold_closets, uniq_jessica
D:3:      uniq_natasha
D:4:      minmay_temple_entry_statues_fountains, first_ration, enter_ossuary_3,
          nicolae_qazlal_eye_of_the_storm
D:5:      basic_altar, uniq_menkaure
D:6:      lemuel_round_altar, serial_shops, shop
D:7:      basic_altar, grunt_ogre_cave
D:8:      kennysheep_mini_moat, serial_shops, nicolae_shop_crystal,
          kennysheep_mini, shop, nicolae_shop_stone
D:9:      minmay_twisted_water, overflow_temple_1_default, basic_altar,
          enter_bailey_8, hangedman_abyss_or_decor_stagger
D:10:     erik_lair_orcish_takeover
D:11:     eino_tiny_chamber, minmay_lizard_king
D:12:     orc_0_dummy, serial_shops, shop, fedhas_bush_and_centaur_altar
D:13:     spider_trap
D:14:     minmay_blocking_statues, lightli_vaults_fourway_checkpoint,
          nrook_mini_backslash, elyvilon_altar_4
D:15:     gammafunk_depths_entry_grave, spider_trap
Temple:   eino_temple_scatter_basement
Lair:2:   swamp_mist, beast_lair_carwin_7
Lair:3:   statuecave_lemuel, guppyfry_snake_entry_island, serial_bayou_shore_a,
          lemuel_fruit_tree
Lair:5:   minmay_slime_entry_pillars, grunt_megastairs_3
Lair:6:   guppyfry_lair_end_dragon, hangedman_lair_caniforms_friends,
          lightli_volcano_entry_magma_tube, grunt_megastairs_2, uniq_rupert
Swamp:1:  serial_swamp_ruin, evilmike_swamp_ruin_wall,
          hangedman_swamp_ruin_wall, evilmike_swamp_ruin_rubble_2
Swamp:2:  evilmike_swamp_ruin_rubble_1, uniq_frances, uniq_nikola, uniq_aizul
Swamp:3:  nicolae_swamp_fairy_circle, infiniplex_staircase_pool_2
Swamp:4:  swamp_alternative, swamp_pool5
Snake:3:  nicolae_snake_serpentine_hallways
Snake:4:  johnstein_snake_rune_scales, uniq_kirke, uniq_vashnia
Slime:2:  cheibrodos_slime_lost_civilization_6
Orc:1:    nicolae_orc_accident_2
Orc:2:    st_orc_elflike, serial_shops, shop
Elf:1:    serial_shops, shop, minmay_elf_demonology, item_on_display_b,
          minmay_shoptagon
Elf:2:    serial_shops, shop
Elf:3:    grunt_elf_hall_branching, st_stairs_7
Vaults:1: hangedman_vaults_snaps, ontoclasm_vaults_shout,
          hangedman_vaults_slice, v_misc_11, v_misc_15,
          grunt_vaults_hallway_short, vaults_room_grunt_arrival_ludios,
          grunt_vaults_funnel, vaults_mumra_minichess, vaults_dpeg_ring,
          serial_shops, nicolae_shop_waterfront
Vaults:2: nicolae_vaults_display_case, hangedman_vaults_impose,
          hangedman_vaults_stitches, nicolae_vaults_stairing_the_circle,
          v_alt_pattern_1, v_misc_11, v_pattern_3, vaults_dpeg_diagonal,
          vaults_dpeg_hooks, hangedman_vaults_impose,
          nicolae_vaults_little_squares_1, serial_shops, shop
Vaults:3: nicolae_vaults_asterisk, minmay_crypt_entry_skeletal_spiral,
          nicolae_vaults_c_with_doors, hangedman_vaults_unwind, v_misc_11,
          ontoclasm_vaults_eye, ontoclasm_vaults_twist, vaults_room_hallway,
          nicolae_trove_entry_diagonal, uniq_jory, uniq_asterion
Vaults:4: v_misc_15, v_misc_15, v_misc_32, nicolae_vaults_ring_of_whatevers,
          vaults_mumra_lcd, hangedman_vaults_nails, vaults_standard_mumra_lines,
          v_misc_3, ontoclasm_vaults_loading_screen, vaults_dpeg_encased_lava,
          nicolae_vaults_shelves_hall, grunt_vaults_hallway_short,
          nicolae_vaults_know_your_exits, serial_shops, bzr_entry_lakeside
Vaults:5: serial_shops
Crypt:1:  minmay_misc_feat_columns
Crypt:2:  nrook_guardian_serpent_ordinary
Crypt:3:  cryptofortress_bobbens, uniq_bai_suzhen
Depths:1: enter_ziggurat_b, lightli_too_deep, pan_entry,
          minmay_tree_intersection, minmay_misc_feat_tower,
          kennysheep_generic_room_10
Depths:2: minmay_three_patterns, minmay_door_square, hell_entry,
          nicolae_water_bricks
Depths:3: hangedman_crystal_crosses_colossus, pan_entry, hell_entry, uniq_mara
Depths:4: vault_1, hellmouth_1, abyss_entry_flame_altar,
          serial_sigils_hangedman_quiver, minmay_misc_feat_cross,
          basic_stair_grate_trap
Depths:5: grunt_zot_entry_bicorn, pan_entry, pf_hell_entry_tar_river,
          minmay_misc_feat_tiny, abyss_entry, basic_stair_grate_trap
Abyss:3:  evilmike_abyss_rune_elephants_shrine
Zig:5:    ziggurat_pillar_centre_smoke
Zig:8:    ziggurat_pillar_centre_dead_trees
Zig:12:   ziggurat_pillar_centre_oklobs
Zig:15:   ziggurat_pillar_centre_c
Zig:26:   ziggurat_pillar_centre_drop
Bazaar:   bazaar_lake
Bailey:   bailey_axe_of_yendor_kennysheep, bailey
Volcano:  volcano_village

Skill      XL: |  1  2  3  4  5  6  7  8  9 10 11 12 13 14 15 16 17 18 19 20 21 22 23 24 25 26 27 |
---------------+----------------------------------------------------------------------------------+-----
Short Blades   | 2 3 |  3.0
Axes           | 1 2 4 6 8 10 12 13 15 18 20 21 22 23 24 25 26 | 26.0
Fighting       | 1 3 4 5 6 8 9 10 12 17 19 20 24 | 24.0
Armour         | 1 2 |  2.0
Invocations    | 4 6 8 10 27 | 27.0
Spellcasting   | 2 3 5 7 8 9 10 11 12 13 14 15 16 18 | 18.0
Earth Magic    | 2 6 9 10 17 | 17.8
Transmutations | 1 5 7 8 |  8.1
Fire Magic     | 4 8 10 12 14 15 17 19 20 | 20.6
Dodging        | 4 6 8 10 11 12 | 12.4
Necromancy     | 5 6 |  6.7
Evocations     | 2 3 15 | 15.0
Conjurations   | 4 12 | 12.5
Translocations | 6 10 17 | 17.5
Stealth        | |  2.4
Hexes          | |  3.0

Action                   |  1- 3 |  4- 6 |  7- 9 | 10-12 | 13-15 | 16-18 | 19-21 | 22-24 | 25-27 || total
-------------------------+-------+-------+-------+-------+-------+-------+-------+-------+-------++-------
Melee: Dagger            |    70 |    94 |    95 |       |       |       |       |       |       ||   259
       Short sword       |       |       |   392 |    66 |       |       |       |       |       ||   458
       Broad axe         |       |       |       |   517 |   667 |       |       |       |       ||  1184
       Executioner's axe |       |       |       |       |   398 |   897 |  1250 |   971 |  1480 ||  4996
       Hand axe          |       |       |       |       |    34 |       |       |       |       ||    34
       Battleaxe         |       |       |       |       |       |       |       |     2 |    17 ||    19
       Headbutt          |       |       |       |       |       |       |       |       |   173 ||   173
Throw: Javelin           |    14 |     8 |     2 |       |       |       |       |       |       ||    24
 Cast: Corona            |    10 |    11 |    20 |     4 |     1 |       |       |       |       ||    46
       Ensorcelled Hiber |    14 |    28 |    11 |     5 |       |       |       |       |       ||    58
       Confuse           |       |     7 |    36 |    19 |       |       |       |       |       ||    62
       Statue Form       |       |       |       |       |     6 |    58 |    74 |    71 |   127 ||   336
       Lee's Rapid Decon |       |       |       |       |       |     5 |       |     2 |     3 ||    10
       Apportation       |       |       |       |       |       |       |     1 |       |     9 ||    10
       Ignition          |       |       |       |       |       |       |       |    10 |   142 ||   152
       Regeneration      |       |       |       |       |       |       |       |     3 |   102 ||   105
       Sublimation of Bl |       |       |       |       |       |       |       |       |    50 ||    50
       Controlled Blink  |       |       |       |       |       |       |       |       |    14 ||    14
       Fire Storm        |       |       |       |       |       |       |       |       |     2 ||     2
Invok: Convert to Beogh  |       |       |     1 |       |       |       |       |       |       ||     1
       Smiting           |       |       |       |    16 |    41 |    28 |    23 |    18 |    49 ||   175
       Recall Orcish Fol |       |       |       |     1 |    13 |     5 |       |     2 |     2 ||    23
       Give Item to Name |       |       |       |       |     1 |       |       |     1 |       ||     2
       Stop Recall       |       |       |       |       |       |       |       |     2 |       ||     2
 Abil: Evoke Ratskin     |       |       |       |       |    10 |       |       |       |       ||    10
       End Transformatio |       |       |       |       |     2 |    17 |    28 |    33 |    78 ||   158
Evoke: Wand              |       |       |    17 |    26 |    23 |    11 |       |     5 |    14 ||    96
       Lamp of fire      |       |       |       |       |       |     1 |     1 |     1 |       ||     3
       Phantom mirror    |       |       |       |       |       |       |     1 |     1 |     2 ||     4
       Staff of energy   |       |       |       |       |       |       |       |     8 |    15 ||    23
       Box of beasts     |       |       |       |       |       |       |       |       |     1 ||     1
  Use: Scroll            |     5 |       |    11 |     7 |    25 |     7 |     9 |    12 |    83 ||   159
       Potion            |       |     4 |     1 |     6 |     9 |     5 |     2 |     3 |    38 ||    68
 Stab: Sleeping          |    13 |    15 |    13 |     3 |     4 |     1 |     2 |       |     1 ||    52
       Confused          |       |     2 |     3 |     4 |       |       |     1 |       |       ||    10
       Distracted        |       |       |     1 |    10 |    19 |     1 |     7 |    10 |     8 ||    56
       Paralysed         |       |       |       |       |    21 |       |     1 |       |     1 ||    23
  Eat: Chunk             |    13 |     9 |    30 |    22 |    12 |    13 |    25 |    15 |    16 ||   155
       Ration            |       |       |       |       |     4 |     7 |     1 |     6 |    34 ||    52
Armor: Robe              |    10 |    12 |    78 |       |       |       |       |       |       ||   100
       Ring mail         |       |       |     4 |       |       |       |       |       |       ||     4
       Troll leather arm |       |       |    10 |   179 |   363 |    13 |     9 |     5 |    15 ||   594
       Skin              |       |       |       |    12 |    41 |   546 |  1044 |   696 |  1198 ||  3537
Dodge: Dodged            |    50 |    73 |   194 |   220 |   418 |   563 |  1420 |   928 |  1608 ||  5474
       Deflected         |       |       |       |       |       |       |       |       |    78 ||    78

Table legend:
 A = Spawn XP
 B = Non-spawn XP
 C = Spawn XP percentage of total XP
 D = Spawn monster count
 E = Non-spawn monster count
 F = Spawn count percentage of total count
 G = Total turns spent on level
                    A         B        C        D         E        F      G
               +---------+---------+-------+---------+---------+-------+---------
         Total |   20696 | 2434587 |   0.8 |      54 |    3458 |   1.5 | 53346
               +---------+---------+-------+---------+---------+-------+---------
           D:1 |       0 |      26 |   0.0 |       0 |      16 |   0.0 |   928
           D:2 |       0 |     240 |   0.0 |       0 |      24 |   0.0 |  1326
           D:3 |       0 |     170 |   0.0 |       0 |      21 |   0.0 |  1640
           D:4 |       0 |     384 |   0.0 |       0 |      21 |   0.0 |  1656
           D:5 |       0 |     665 |   0.0 |       0 |      19 |   0.0 |  1269
           D:6 |       0 |     904 |   0.0 |       0 |      20 |   0.0 |  1369
           D:7 |       0 |    1184 |   0.0 |       0 |      33 |   0.0 |  1399
           D:8 |       0 |    2841 |   0.0 |       0 |      33 |   0.0 |  1173
           D:9 |       0 |    5554 |   0.0 |       0 |      55 |   0.0 |   770
          D:10 |       0 |    2311 |   0.0 |       0 |      24 |   0.0 |   631
          D:11 |       0 |    1980 |   0.0 |       0 |      20 |   0.0 |   884
          D:12 |       0 |    1950 |   0.0 |       0 |      15 |   0.0 |   675
          D:13 |       0 |    4924 |   0.0 |       0 |      16 |   0.0 |   809
          D:14 |       0 |   16428 |   0.0 |       0 |      54 |   0.0 |  1574
          D:15 |       0 |   22522 |   0.0 |       0 |      42 |   0.0 |   661
        Lair:1 |       0 |    1471 |   0.0 |       0 |      11 |   0.0 |   473
        Lair:2 |       0 |    3324 |   0.0 |       0 |      21 |   0.0 |   525
        Lair:3 |       0 |    8289 |   0.0 |       0 |      40 |   0.0 |   831
        Lair:4 |       0 |    2419 |   0.0 |       0 |      11 |   0.0 |   858
        Lair:5 |       0 |    4850 |   0.0 |       0 |      25 |   0.0 |   526
        Lair:6 |       0 |   16539 |   0.0 |       0 |      85 |   0.0 |   900
       Swamp:1 |       0 |   18250 |   0.0 |       0 |      37 |   0.0 |   546
       Swamp:2 |       0 |   30821 |   0.0 |       0 |      54 |   0.0 |   575
       Swamp:3 |       0 |   14459 |   0.0 |       0 |      37 |   0.0 |   635
       Swamp:4 |       0 |   42846 |   0.0 |       0 |      77 |   0.0 |   708
       Snake:1 |       0 |   14534 |   0.0 |       0 |      30 |   0.0 |   587
       Snake:2 |       0 |   20252 |   0.0 |       0 |      44 |   0.0 |   563
       Snake:3 |       0 |   41134 |   0.0 |       0 |      69 |   0.0 |  1285
       Snake:4 |       0 |   61002 |   0.0 |       0 |      97 |   0.0 |  1293
       Slime:1 |       0 |    6056 |   0.0 |       0 |       8 |   0.0 |    30
       Slime:2 |       0 |   19292 |   0.0 |       0 |      34 |   0.0 |   126
       Slime:3 |       0 |   17629 |   0.0 |       0 |      31 |   0.0 |   250
       Slime:4 |       0 |   24969 |   0.0 |       0 |      26 |   0.0 |   206
       Slime:5 |       0 |   54481 |   0.0 |       0 |      48 |   0.0 |   480
         Orc:1 |       0 |    4009 |   0.0 |       0 |      20 |   0.0 |  1070
         Orc:2 |       0 |    6505 |   0.0 |       0 |      34 |   0.0 |  1132
         Elf:1 |       0 |   20649 |   0.0 |       0 |      36 |   0.0 |  1107
         Elf:2 |       0 |   28636 |   0.0 |       0 |      48 |   0.0 |   858
         Elf:3 |       0 |   39473 |   0.0 |       0 |      47 |   0.0 |  1192
      Vaults:1 |       0 |   37840 |   0.0 |       0 |      65 |   0.0 |  1190
      Vaults:2 |       0 |   50768 |   0.0 |       0 |      75 |   0.0 |  1025
      Vaults:3 |       0 |   95548 |   0.0 |       0 |     146 |   0.0 |  1964
      Vaults:4 |       0 |   34045 |   0.0 |       0 |      55 |   0.0 |   835
      Vaults:5 |       0 |  161492 |   0.0 |       0 |     146 |   0.0 |  1510
       Crypt:1 |       0 |   20297 |   0.0 |       0 |      28 |   0.0 |   508
       Crypt:2 |       0 |   54359 |   0.0 |       0 |      69 |   0.0 |   427
       Crypt:3 |       0 |   71957 |   0.0 |       0 |      91 |   0.0 |   748
        Tomb:1 |       0 |   49948 |   0.0 |       0 |      54 |   0.0 |   987
        Tomb:2 |       0 |   29194 |   0.0 |       0 |      58 |   0.0 |   428
        Tomb:3 |       0 |   92713 |   0.0 |       0 |      94 |   0.0 |   319
      Depths:1 |       0 |   26194 |   0.0 |       0 |      26 |   0.0 |   743
      Depths:2 |       0 |   37569 |   0.0 |       0 |      29 |   0.0 |  1018
      Depths:3 |       0 |   78785 |   0.0 |       0 |      56 |   0.0 |  1538
      Depths:4 |       0 |   72871 |   0.0 |       0 |      87 |   0.0 |   860
      Depths:5 |       0 |   69495 |   0.0 |       0 |      66 |   0.0 |   808
       Abyss:2 |   16437 |   19016 |  46.4 |      44 |      45 |  49.4 |   569
       Abyss:3 |    4259 |    1787 |  70.4 |      10 |       4 |  71.4 |   210
         Zig:1 |       0 |    5298 |   0.0 |       0 |       1 |   0.0 |    66
         Zig:2 |       0 |    3298 |   0.0 |       0 |       2 |   0.0 |    19
         Zig:3 |       0 |    8687 |   0.0 |       0 |       3 |   0.0 |    31
         Zig:4 |       0 |    6938 |   0.0 |       0 |      13 |   0.0 |    20
         Zig:5 |       0 |    2726 |   0.0 |       0 |       7 |   0.0 |    34
         Zig:6 |       0 |    6060 |   0.0 |       0 |      11 |   0.0 |    22
         Zig:7 |       0 |    5558 |   0.0 |       0 |      12 |   0.0 |    44
         Zig:8 |       0 |    9026 |   0.0 |       0 |       9 |   0.0 |    69
         Zig:9 |       0 |   13278 |   0.0 |       0 |      14 |   0.0 |    61
        Zig:10 |       0 |   18377 |   0.0 |       0 |      12 |   0.0 |    97
        Zig:11 |       0 |   16547 |   0.0 |       0 |      16 |   0.0 |   121
        Zig:12 |       0 |   15808 |   0.0 |       0 |      30 |   0.0 |   145
        Zig:13 |       0 |   21613 |   0.0 |       0 |      22 |   0.0 |   117
        Zig:14 |       0 |   21170 |   0.0 |       0 |      32 |   0.0 |    89
        Zig:15 |       0 |   33848 |   0.0 |       0 |      36 |   0.0 |   121
        Zig:16 |       0 |   36668 |   0.0 |       0 |      33 |   0.0 |   132
        Zig:17 |       0 |   28614 |   0.0 |       0 |      57 |   0.0 |   122
        Zig:18 |       0 |   47215 |   0.0 |       0 |      31 |   0.0 |    88
        Zig:20 |       0 |   47407 |   0.0 |       0 |      53 |   0.0 |   163
        Zig:21 |       0 |   81313 |   0.0 |       0 |      70 |   0.0 |   240
        Zig:22 |       0 |   55581 |   0.0 |       0 |      51 |   0.0 |   178
        Zig:23 |       0 |  116445 |   0.0 |       0 |      49 |   0.0 |   151
        Zig:24 |       0 |   62060 |   0.0 |       0 |      61 |   0.0 |   161
        Zig:25 |       0 |   64118 |   0.0 |       0 |      62 |   0.0 |   270
        Zig:26 |       0 |   87640 |   0.0 |       0 |      81 |   0.0 |   173
        Zig:27 |       0 |   44108 |   0.0 |       0 |      66 |   0.0 |    58
        Bailey |       0 |    3575 |   0.0 |       0 |      38 |   0.0 |   949
       Volcano |       0 |    3761 |   0.0 |       0 |       9 |   0.0 |   142
               +---------+---------+-------+---------+---------+-------+---------
